 Dungeon Crawl Stone Soup version 0.20-a0-465-g6513c8f (webtiles) character file.

12271 Dfrag the Thaumaturge (level 11, -10/109 HPs)
             Began as a Naga Conjurer on Jan 12, 2017.
             Was a Priest of Vehumet.
             Mangled by an orc knight
             ... wielding a +0 war axe
              (40 damage)
             ... in a bailey.
             The game lasted 00:22:52 (10417 turns).

Dfrag the Thaumaturge (Naga Conjurer)              Turns: 10417, Time: 00:22:53

Health: -10/109    AC: 12    Str: 12      XL:     11   Next: 90%
Magic:  3/24       EV:  9    Int: 20      God:    Vehumet [***...]
Gold:   244        SH:  0    Dex: 10 (11) Spells: 22/34 levels left

rFire  . . .     SeeInvis +     I - staff of conjuration
rCold  . . .     Gourm    .     P - +3 leather armour
rNeg   . . .     Faith    .     (no shield)
rPois  +         Spirit   .     (helmet restricted)
rElec  .         Reflect  .     A - +1 cloak
rCorr  .         Harm     +     (no gloves)
MR     +....     Rnd*Tele +     (no barding)
Stlth  ++........               O - amulet of harm
                                M - ring of see invisible
                                q - +2 ring of strength

@: very slow
A: antennae 1, beak, thin metallic scales 1, see invisible, blink, deformed
body, low mp 1, poison resistance, slowness 2, slow metabolism 1, spit poison 1,
teleportitis 1, subdued magic 1, AC +3
a: Spit Poison, Blink, Renounce Religion


You were in a bailey.
You worshipped Vehumet.
Vehumet was most pleased with you.
You were hungry.

You visited 2 branches of the dungeon, and saw 11 of its levels.
You also visited: Sewer and Bailey.

You collected 502 gold pieces.
You spent 258 gold pieces at shops.

Inventory:

Hand Weapons
 k - a +2 dagger of freezing
 G - a +3 falchion of holy wrath
Armour
 a - a +0 robe
 A - a +1 cloak (worn)
 B - a +0 cloak
 P - a +3 leather armour (worn)
Magical Staves
 I - an uncursed staff of conjuration (weapon)
Jewellery
 q - a +2 ring of strength (left hand)
 E - a +2 amulet of reflection
 M - a ring of see invisible (right hand)
 O - an amulet of harm (around neck)
Wands
 x - a wand of random effects (25/48)
 y - a wand of paralysis (14/24)
 C - a wand of lightning (11/15)
 K - a wand of iceblast (4/15)
 N - a wand of lightning (4/15)
Scrolls
 d - a scroll of immolation
 e - 4 scrolls of random uselessness
 g - a scroll of brand weapon
 h - 3 scrolls of amnesia
 n - a scroll of fog
 o - 3 scrolls of recharging
 p - 2 scrolls of fear
 s - 2 scrolls of remove curse
 F - 2 scrolls of blinking
 T - 2 scrolls of enchant armour
 U - a scroll of enchant weapon
Potions
 i - 5 potions of heal wounds
 m - a potion of cancellation
 r - 2 potions of flight
 t - 2 potions of curing
 u - a potion of resistance
 v - 2 potions of agility
 w - a potion of brilliance
 Q - a potion of lignification
 S - a potion of might
Books
 b - a book of Conjurations

   Spells                             Type                      Level
   a - Magic Dart                     Conjuration                  1
   b - Searing Ray                    Conjuration                  2
   c - Dazzling Spray                 Conjuration/Hexes            3
   d - Fulminant Prism                Conjuration/Hexes            4
   e - Iskenderun's Mystic Blast      Conjuration                  4
   f - Iskenderun's Battlesphere      Conjuration/Charms           5
 H - the Incunabulum of Attacks
   (You found it on level 5 of the Dungeon)

   Spells                             Type                      Level
   a - Magic Dart                     Conjuration                  1
   b - Shock                          Conjuration/Air              1
   c - Throw Flame                    Conjuration/Fire             2
   d - Static Discharge               Conjuration/Air              3
   e - Iron Shot                      Conjuration/Earth            6
   f - Spellforged Servitor           Conjuration/Summoning        7
 R - a book of Misfortune

   Spells                             Type                      Level
   a - Confusing Touch                Hexes                        1
   b - Confuse                        Hexes                        3
   c - Gell's Gravitas                Hexes/Translocation          3
   d - Petrify                        Transmutation/Earth          4
   e - Metabolic Englaciation         Hexes/Ice                    5
   f - Yara's Violent Unravelling     Hexes/Transmutation          5
Miscellaneous
 z - a phantom mirror
Comestibles
 c - 8 bread rations
 f - 2 beef jerkies
 j - 4 meat rations
 l - a chunk of flesh
 D - 7 slices of pizza


   Skills:
 - Level 10.3 Fighting
 - Level 1.5 Dodging
 - Level 3.0 Stealth
 * Level 12.2 Spellcasting
 + Level 10.2 Conjurations


You had 22 spell levels left.
You knew the following spells:

 Your Spells              Type           Power        Failure   Level  Hunger
a - Magic Dart            Conj           ####         1%          1    None
b - Searing Ray           Conj           ######       1%          2    None
c - Iskenderun's Battles  Conj/Chrm      #####...     5%          5    ####...
d - Iskenderun's Mystic   Conj           ######..     1%          4    #......


Dungeon Overview and Level Annotations

Branches:
Dungeon (10/15)            Temple (1/1) D:5            Lair (0/6) D:8
    Orc (0/2) D:10

Altars:
Ashenzari
Cheibriados
Dithmenos
Elyvilon
Fedhas
Gozag
Hepliaklqana
Kikubaaqudgha
Makhleb
Nemelex Xobeh
Okawaru
Qazlal
Ru
Sif Muna
Trog
Uskayaw
Vehumet
Xom
Yredelemnul
Zin
The Shining One

Shops:
D:4 *   D:5 *

Portals:
Abyss: D:8

Annotations:
Bailey lagrange's ghost, novice CeGl


Innate Abilities, Weirdness & Mutations

You cannot wear boots.
Your serpentine skin is tough. (AC +3)
You have supernaturally acute eyesight. (SInv)
Armour fits poorly on your strangely shaped body.
Your system is resistant to poisons. (rPois)
You cover ground very slowly.
You have a slow metabolism.
You can spit poison.
You have a pair of small antennae on your head.
You have a beak for a mouth.
You are partially covered in thin metallic scales. (AC +2)
You can translocate small distances at will.
Your magical capacity is low. (-10% MP)
You are occasionally teleported next to monsters.
Your spells are a little easier to cast, but a little less powerful.


Message History

Unknown command.
The orc knight hits you with a war axe!
* * * LOW HITPOINT WARNING * * *
You open the door. 2 goblins, an orc, an orc warrior and an orc knight come into view.
The orc warrior shouts!
The orc warrior misses you. The hobgoblin hits you with a hand axe.
* * * LOW HITPOINT WARNING * * *
The orc knight barely misses you.
A goblin and a gnoll come into view.
Unknown command.
You feel much better.
The goblin shouts! x2
The orc warrior hits you with a war axe.
The orc warlord roars a battlecry!
The orcs go into a battle-frenzy!
The hobgoblin hits you with a hand axe.
* * * LOW HITPOINT WARNING * * *
The orc knight hits you with a war axe!!
You die...

# ## # ###.### +#.
. ###.....###
##... .
#)........# ...o.
.
$$........##8..gg.
.
!$.......og#8.o...
.
$$......ogoo.oggo⌠
. !$.....ooo@# .
$$.....goo## .
#).....ggg# .
###.###.....###
#+#.....###.###..
#.........## ...
...........# ....
...........#.....
.....⌠.....#....


You could see an orc warlord, 2 orc knights, 7 orc warriors, a gnoll
(wandering), 3 orcs, 4 hobgoblins and 5 goblins.

Vanquished Creatures
  A two-headed ogre (D:9)
  An unseen horror (D:7)
  An ugly thing (D:8)
  A rust devil (D:8)
  A gargoyle (D:7)
  The ghost of Hiru the Magician, an amateur FoWz (D:4)
  2 hippogriffs
  A spriggan (D:8)
  A wraith (D:9)
  A wyvern (D:7)
  4 yaks
  A porcupine (D:8)
  3 orc warriors
  3 ice beasts
  A phantom (D:9)
  4 black bears
  A necrophage (D:10)
  6 ogres
  2 centaurs
  2 crocodiles
  3 big kobolds
  7 bullfrogs
  4 scorpions
  16 killer bees
  A howler monkey (D:4)
  A centaur zombie (D:5)
  A bullfrog zombie (D:8)
  5 crimson imps
  2 hounds
  5 jellies
  9 orc wizards
  3 orc priests
  Crazy Yiuf (D:6)
  4 bullfrog skeletons
  2 iron imps (D:8)
  Jessica (D:2)
  An iguana (D:9)
  Natasha (D:4)
  6 worker ants
  A howler monkey skeleton (D:9)
  12 adders
  2 shadow imps
  An ooze (D:3)
  2 adder skeletons
  An adder zombie (D:9)
  3 worms
  4 dart slugs
  2 leopard geckos
  24 orcs
  6 bats
  8 giant cockroaches
  13 goblins
  12 hobgoblins
  15 jackals
  30 kobolds
  4 quokkas
  5 ball pythons
  4 frilled lizards
  4 rats
264 creatures vanquished.

Vanquished Creatures (others)
  16 fungi (D:8)
  2 plants (D:8)
18 creatures vanquished.

Grand Total: 282 creatures vanquished

Notes
Turn   | Place    | Note
-------+----------+-------------------------------------------
     0 | D:1      | Dfrag the Naga Conjurer began the quest for the Orb.
     0 | D:1      | Reached XP level 1. HP: 15/15 MP: 3/3
    95 | D:1      | Reached XP level 2. HP: 16/22 MP: 1/5
   164 | D:1      | Learned a level 2 spell: Searing Ray
   286 | D:1      | Reached XP level 3. HP: 22/28 MP: 7/7
   299 | D:1      | Reached skill level 3 in Spellcasting
   476 | D:2      | Noticed Jessica
   479 | D:2      | Killed Jessica
   479 | D:2      | Reached XP level 4. HP: 35/36 MP: 5/9
   658 | D:2      | Found a white marble altar of Elyvilon.
  1105 | D:2      | Reached skill level 4 in Spellcasting
  1160 | D:2      | Reached XP level 5. HP: 41/42 MP: 5/11
  1845 | D:3      | Found a glowing silver altar of Zin.
  2149 | D:3      | Found a shimmering altar of Xom.
  2245 | D:4      | Noticed Hiru's ghost (amateur FoWz)
  2325 | D:4      | Found Ruryuh's Assorted Antiques.
  2577 | D:4      | Found a glowing drain.
  2587 | D:4      | Reached skill level 5 in Conjurations
  2594 | Sewer    | Entered a sewer
  2848 | Sewer    | Noticed a crocodile
  2864 | Sewer    | Killed a crocodile
  2864 | Sewer    | Reached skill level 5 in Spellcasting
  2864 | Sewer    | Reached XP level 6. HP: 15/49 MP: 0/13
  3147 | D:4      | Bought a smoky ruby potion for 27 gold pieces
  3147 | D:4      | Bought a scroll labeled IFOICKOUNA for 30 gold pieces
  3147 | D:4      | Bought a scroll labeled FAIBOBR ROUHAE for 30 gold pieces
  3147 | D:4      | Bought 2 emerald potions for 54 gold pieces
  3147 | D:4      | Bought a scroll labeled BYHIAG XOESIZI for 30 gold pieces
  3201 | D:4      | Noticed Natasha
  3208 | D:4      | Killed Natasha
  3344 | D:4      | Killed Hiru's ghost
  3344 | D:4      | Reached skill level 6 in Spellcasting
  3344 | D:4      | Reached XP level 7. HP: 8/55 MP: 1/16
  3777 | D:5      | Entered Level 5 of the Dungeon
  4073 | D:5      | Found Ihaupnup's Elemental Accessories.
  4073 | D:5      | Found a staircase to the Ecumenical Temple.
  4082 | D:5      | Reached XP level 8. HP: 41/62 MP: 8/18
  4087 | D:5      | Reached skill level 7 in Spellcasting
  4113 | Temple   | Entered the Ecumenical Temple
  4157 | Temple   | Became a worshipper of Vehumet
  4236 | D:5      | Identified the Incunabulum of Attacks
  4579 | D:6      | Reached skill level 8 in Spellcasting
  4863 | D:6      | Learned a level 5 spell: Iskenderun's Battlesphere
  4886 | D:6      | Found a runed door.
  4890 | D:6      | Noticed Crazy Yiuf
  4894 | D:6      | Killed Crazy Yiuf
  4900 | D:6      | Got a warped mace
  4901 | D:6      | Identified the +2 mace of Intuition {elec, Fragile rPois MP+9} (You found it on level 6 of the Dungeon)
  5346 | D:6      | Found a basalt altar of Yredelemnul.
  5485 | D:6      | Reached XP level 9. HP: 63/68 MP: 21/21
  5869 | D:7      | Noticed a gargoyle
  5917 | D:8      | Reached skill level 9 in Spellcasting
  5977 | D:8      | Found a staircase to the Lair.
  6067 | D:8      | Reached * piety under Vehumet
  6067 | D:8      | Offered knowledge of Sting by Vehumet.
  6145 | D:8      | Found a hazy altar of Hepliaklqana.
  6154 | D:8      | Reached skill level 10 in Spellcasting
  6230 | D:8      | Found an iron altar of Okawaru.
  6538 | D:8      | Noticed a white ugly thing
  6547 | D:8      | Killed a white ugly thing
  6547 | D:8      | Reached XP level 10. HP: 19/75 MP: 13/24
  6556 | D:8      | Gained mutation: You are weak. (Str -2) [mutagenic meat]
  6557 | D:8      | Gained mutation: Your spells are a little easier to cast, but a little less powerful. [mutagenic meat]
  6563 | D:8      | Reached skill level 10 in Fighting
  6563 | D:8      | Reached XP level 11. HP: 52/109 MP: 17/25
  6572 | D:8      | Gained mutation: You are very weak. (Str -4) [potion of mutation]
  6572 | D:8      | Gained mutation: You are partially covered in thin metallic scales. (AC +2) [potion of mutation]
  6572 | D:8      | Gained mutation: You are occasionally teleported next to monsters. [potion of mutation]
  6574 | D:8      | Gained mutation: You are robust. (+10% HP) [potion of mutation]
  6575 | D:8      | Lost mutation: You are robust. (+10% HP) [potion of mutation]
  6575 | D:8      | Lost mutation: You are very weak. (Str -4) [potion of mutation]
  6575 | D:8      | Gained mutation: You have a pair of small antennae on your head. [potion of mutation]
  6825 | D:8      | Found a one-way gate to the infinite horrors of the Abyss.
  6825 | D:8      | Noticed a hell beast
  7004 | D:7      | Noticed an unseen horror
  7017 | D:7      | Killed an unseen horror
  7017 | D:7      | Reached skill level 11 in Spellcasting
  7738 | D:7      | Found a blossoming altar of Fedhas.
  7913 | D:7      | Offered knowledge of Flame Tongue by Vehumet.
  7916 | D:7      | Reached ** piety under Vehumet
  8278 | D:4      | Bought a scroll of identify for 60 gold pieces
  8278 | D:4      | Bought a silvery potion for 27 gold pieces
  9194 | D:9      | Noticed a two-headed ogre
  9201 | D:9      | Killed a two-headed ogre
  9383 | D:9      | Reached skill level 10 in Conjurations
  9394 | D:9      | Offered knowledge of Inner Flame by Vehumet.
  9473 | D:9      | Lost mutation: You are weak. (Str -2) [potion of mutation]
  9473 | D:9      | Gained mutation: You can translocate small distances at will. [potion of mutation]
  9473 | D:9      | Gained mutation: Your muscles are strong. (Str +2) [potion of mutation]
  9597 | D:9      | Gained mutation: Your magical capacity is low. (-10% MP) [potion of mutation]
  9597 | D:9      | Lost mutation: Your muscles are strong. (Str +2) [potion of mutation]
  9597 | D:9      | Gained mutation: You have a beak for a mouth. [potion of mutation]
  9712 | D:9      | Reached skill level 12 in Spellcasting
  9905 | D:9      | Reached *** piety under Vehumet
 10219 | D:10     | Entered Level 10 of the Dungeon
 10284 | D:10     | Learned a level 4 spell: Iskenderun's Mystic Blast
 10369 | D:10     | Found a flagged portal.
 10383 | Bailey   | Entered a bailey
 10398 | Bailey   | Noticed lagrange's ghost (novice CeGl)
 10403 | Bailey   | Offered knowledge of Olgreb's Toxic Radiance by Vehumet.
 10411 | Bailey   | Noticed an orc warlord
 10411 | Bailey   | Noticed an orc knight
 10416 | Bailey   | Noticed an orc knight
 10417 | Bailey   | Mangled by an orc knight

Vault maps used:
D:1:      dpeg_arrival_orchard, serial_glass, glass_columns_a, glass_columns_a,
          kennysheep_decorative_pillar
D:2:      marbit_many_paths, uniq_jessica
D:3:      zin_scriptorium, lemuel_coloured_pillars_altar
D:4:      serial_shops, nicolae_shop_statue_plus, portal_sewer_entry_d,
          first_bread, uniq_natasha
D:5:      nicolae_elemental_shop
D:6:      lemuel_doored_altar, uniq_crazy_yiuf_cottage
D:7:      overflow_temple_1_default
D:8:      old_standard_altar, nicolae_overflow_hidden_temple,
          due_lair_maze_entry_diamond, grunt_pizzeria, lemuel_hellish_altar
D:10:     orc_0_dummy, enter_bailey_2
Temple:   eino_temple_water
Sewer:    sewer_the_crocodile
Bailey:   bailey_axe_minmay_hex_keep, bailey

Skill      XL: |  1  2  3  4  5  6  7  8  9 10 11 |
---------------+----------------------------------+-----
Spellcasting   | 3 4 5 6 8 10 12 | 12.2
Conjurations   | 5 6 7 9 10 | 10.2
Fighting       | 10 | 10.3
Dodging        | |  1.5
Stealth        | |  3.0

Action                   |  1- 3 |  4- 6 |  7- 9 | 10-12 || total
-------------------------+-------+-------+-------+-------++-------
Melee: Unarmed           |     6 |       |       |       ||     6
       Dagger            |    33 |    37 |     7 |       ||    77
       Mace              |       |       |    14 |    22 ||    36
       Peck              |       |       |       |     1 ||     1
 Cast: Magic Dart        |    14 |    55 |    62 |    68 ||   199
       Searing Ray       |       |    22 |    49 |    70 ||   141
       Iskenderun's Batt |       |       |     1 |     6 ||     7
       Iskenderun's Myst |       |       |       |     6 ||     6
 Abil: Spit Poison       |    16 |    31 |    11 |     5 ||    63
  Use: Scroll            |       |     6 |     5 |     7 ||    18
       Potion            |       |     1 |     1 |    17 ||    19
  Eat: Chunk             |       |     9 |     8 |     9 ||    26
       Fruit             |       |     1 |       |     2 ||     3
       Pizza             |       |       |       |     2 ||     2
Armor: Robe              |     9 |    21 |    26 |    24 ||    80
       Leather armour    |       |       |       |    50 ||    50
Dodge: Dodged            |    33 |    69 |    77 |    85 ||   264
Block: Other             |       |       |     8 |       ||     8
       Rpst.: Falchion   |       |       |     3 |       ||     3
